 Dungeon Crawl Stone Soup version 0.29.1-2-gbd0b4ee654 (webtiles) character file.

Game seed: 10563156385802494767

74 Avanven the Grasshopper (level 4, 0/37 (38) HPs)
             Began as a Gnoll Warper on Nov 8, 2022.
             Killed by divine providence
             ... invoked by an orc priest
              (9 damage)
             ... on level 3 of the Dungeon.
             The game lasted 00:04:33 (2053 turns).

Avanven the Grasshopper (Gnoll Warper)              Turns: 2053, Time: 00:04:33

HP:   0/37 (38)     AC:  5    Str: 11    XL:     4   Next: 30%
MP:   9/11          EV: 12    Int: 14    God:
Gold: 118           SH:  0    Dex: 11    Spells: 11/13 levels left

rFire   . . .      SeeInvis .   e - +0 whip
rCold   . . .      Faith    .   (no shield)
rNeg    . . .      Spirit   .   b - +0 leather armour
rPois   .          Reflect  .   (no helmet)
rElec   .          Harm     .   f - +0 cloak
rCorr   .          Rampage  .   (no gloves)
Will    .....                   g - +0 pair of boots
Stlth   +.........              (no amulet)
HPRegen 0.12/turn               (no ring)
MPRegen 0.12/turn               (no ring)

@: lightly drained
A: fangs 1, strong nose, distributed training
a: no special abilities


You were on level 3 of the Dungeon.
You visited 1 branch of the dungeon, and saw 3 of its levels.

You collected 118 gold pieces.

Inventory:

Hand Weapons
 e - a +0 whip (weapon)
Missiles
 d - 2 boomerangs of dispersal (quivered)
Armour
 b - a +0 leather armour (worn)
 f - a +0 cloak (worn)
 g - a +0 pair of boots (worn)
Scrolls
 a - a scroll of poison {unknown}
 k - 3 scrolls of identify {unknown}
 l - a scroll of amnesia {unknown}
 m - a scroll of enchant armour {unknown}
 n - a scroll of vulnerability {unknown}
Potions
 c - a potion of degeneration {unknown}
 h - 2 potions of brilliance {unknown}
 i - a potion of might {unknown}
 j - a potion of mutation {unknown}


   Skills:
 + Level 4.6 Fighting
 + Level 1.1 Short Blades
 + Level 1.1 Long Blades
 + Level 1.1 Axes
 + Level 4.6 Maces & Flails
 + Level 1.1 Polearms
 + Level 1.1 Staves
 + Level 1.1 Ranged Weapons
 + Level 2.7 Throwing
 + Level 2.7 Armour
 + Level 4.6 Dodging
 + Level 1.1 Stealth
 + Level 1.1 Shields
 + Level 1.1 Unarmed Combat
 + Level 5.1 Spellcasting
 + Level 0.9 Conjurations
 + Level 0.9 Hexes
 + Level 0.9 Summonings
 + Level 0.9 Necromancy
 + Level 5.4 Translocations
 + Level 0.9 Transmutations
 + Level 0.9 Fire Magic
 + Level 0.9 Ice Magic
 + Level 0.9 Air Magic
 + Level 0.9 Earth Magic
 + Level 0.9 Poison Magic
 + Level 1.2 Invocations
 + Level 1.1 Evocations


You had 11 spell levels left.
You knew the following spells:

 Your Spells              Type           Power      Damage    Failure   Level
a - Blink                 Tloc           36%        N/A       3%          2

Your spell library contained the following spells:

 Spells                   Type           Power      Damage    Failure   Level
 Gell's Gravitas          Tloc           18%        N/A       7%          3
 Lesser Beckoning         Tloc           18%        N/A       7%          3
 Teleport Other           Tloc           18%        N/A       7%          3
 Manifold Assault         Tloc           18%        N/A       54%         5


Dungeon Overview and Level Annotations

Branches:
Dungeon (3/15)

Altars:

Shops:
D:1 (*[


Innate Abilities, Weirdness & Mutations

You have very sharp teeth.
Your uncanny sense of smell can sniff out nearby items.
Your experience applies equally to all skills.


Message History

An orc wizard comes into view. It is wielding a +0 dagger.
The orc hits you with a +0 flail.
An adder comes into view.
The adder hisses angrily.
The orc wizard shouts!
You hit the orc.
You kill the orc!
An orc priest comes into view. It is wielding a +0 flail.
The orc wizard mumbles some strange words.
The orc wizard flickers and vanishes!
Deactivating autopickup; reactivate with Ctrl-A.
The orc barely misses you.
The orc priest mumbles some strange prayers to Beogh against you.
Beogh smites you!
Unknown command.
The orc attacks as you move away! The orc barely misses you.
The adder enters a dispersal trap!
The rat blinks!
The orc blinks!
The rat blinks!
The orc blinks! x2; You blink.
The adder blinks!
Unknown command.
Okay, then.
Casting: Blink (safe; 3% risk of failure)
Confirm with . or Enter, or press ? or * to list all spells.
You blink.
Unknown command.
Something tries to affect you, but you resist.
The orc closely misses you.
The orc priest hits you but does no damage.
The orc hits you but does no damage.
Found 20 gold pieces.
You feel stable enough to blink again.
You see here a +0 flail.
The orc priest attacks as you move away!
The orc priest hits you with a +0 flail!
* * * LOW HITPOINT WARNING * * *
The orc attacks as you move away! The orc hits you but does no damage.
You see here a scroll labelled MEOVAENOTI.
n - a scroll labelled MEOVAENOTI Something hits you but does no damage.
The orc priest invokes the aid of Beogh against you.
Beogh smites you!
You die...

#.................#
.(...#................#
..## #................#
#..$.............#
.###..................
.......>.....^......##
###......r..........#
#.....oS.........##
##.#<.@oo#.......
#.######$.#..... #.
.##..... .. .... ...
.... ..## #$$∆ ∆∆


You could see an orc priest, an adder, 2 orcs and a rat.

Vanquished Creatures
  3 adders (D:2)
  A dart slug (D:1)
  An orc (D:3)
  2 endoplasms
  4 giant cockroaches
  6 goblins
  A hobgoblin (D:2)
  6 kobolds
  2 quokkas (D:1)
  3 ball pythons
  4 bats
  7 frilled lizards
  4 rats
44 creatures vanquished.

Notes
Turn   | Place    | Note
-------+----------+-------------------------------------------
     0 | D:1      | Avanven the Gnoll Warper began the quest for the Orb.
     0 | D:1      | Reached XP level 1. HP: 20/20 MP: 6/6
    41 | D:1      | Found Ixteatog's Armour Shoppe.
    84 | D:1      | Found Wuang's Antique Weapon Shop.
    95 | D:1      | Found Tyghyf's Antique Weapon Shop.
   107 | D:1      | Reached XP level 2. HP: 21/26 MP: 7/7
   323 | D:1      | Found Daekutuh's General Store.
   467 | D:1      | Found a faded altar of an unknown god.
   555 | D:1      | Learned a level 2 spell: Blink
   742 | D:1      | Reached skill level 5 in Spellcasting
   742 | D:1      | Reached XP level 3. HP: 31/31 MP: 7/9
  1136 | D:2      | Reached skill level 1 in Invocations
  1149 | D:2      | Reached skill level 1 in Short Blades
  1149 | D:2      | Reached skill level 1 in Long Blades
  1149 | D:2      | Reached skill level 1 in Axes
  1149 | D:2      | Reached skill level 1 in Polearms
  1149 | D:2      | Reached skill level 1 in Staves
  1149 | D:2      | Reached skill level 1 in Ranged Weapons
  1149 | D:2      | Reached skill level 1 in Stealth
  1149 | D:2      | Reached skill level 1 in Shields
  1149 | D:2      | Reached skill level 1 in Unarmed Combat
  1149 | D:2      | Reached skill level 1 in Evocations
  1502 | D:2      | Reached XP level 4. HP: 38/38 MP: 11/11
  2053 | D:3      | Killed from afar by an orc priest

Illustrated notes

Levels and vault maps discovered:
D:1:      minmay_arrival_pointy, layout_loops_ring,
          hellmonk_ecumenical_altar_slurped_away, serial_shops,
          nicolae_shop_trees, nicolae_shop_hallway_stairs, shop, shop,
          skrybe_limestone_x, minmay_pentomino_o2
D:2:      layout_basic, st_stairs_9
D:3:      layout_rooms, st_stairs_12, due_unseen_surprise, uniq_sigmund,
          uniq_grinder

Skill      XL: |  1  2  3 |
---------------+----------+-----
Spellcasting   | 5 |  5.1
Invocations    | 1 |  1.2
Short Blades   | 1 |  1.1
Long Blades    | 1 |  1.1
Axes           | 1 |  1.1
Polearms       | 1 |  1.1
Staves         | 1 |  1.1
Ranged Weapons | 1 |  1.1
Stealth        | 1 |  1.1
Shields        | 1 |  1.1
Unarmed Combat | 1 |  1.1
Evocations     | 1 |  1.1
Fighting       | |  4.6
Maces & Flails | |  4.6
Throwing       | |  2.7
Armour         | |  2.7
Dodging        | |  4.6
Conjurations   | |  0.9
Hexes          | |  0.9
Summonings     | |  0.9
Necromancy     | |  0.9
Translocations | |  5.4
Transmutations | |  0.9
Fire Magic     | |  0.9
Ice Magic      | |  0.9
Air Magic      | |  0.9
Earth Magic    | |  0.9
Poison Magic   | |  0.9

Action                   |  1- 3 |  4- 6 || total
-------------------------+-------+-------++-------
Melee: Whip              |   131 |    32 ||   163
       Mace              |     8 |       ||     8
       Bite              |    13 |     3 ||    16
       Punch             |     2 |       ||     2
Throw: Boomerang         |     5 |       ||     5
 Cast: Blink             |     2 |     1 ||     3
  Use: Scroll            |     1 |       ||     1
Armor: Leather armour    |    34 |    19 ||    53
Dodge: Dodged            |    84 |    14 ||    98
